 Dungeon Crawl Stone Soup version 0.21-a0-279-g6037ffb (webtiles) character file.

18 4thArraOfDagon the Shooter (level 2, -4/20 HPs)
             Began as a Halfling Wanderer on Sept 23, 2017.
             Slain by Menkaure (19 damage)
             ... on level 4 of the Dungeon.
             The game lasted 00:03:01 (379 turns).

4thArraOfDagon the Shooter (Halfling Wanderer)       Turns: 379, Time: 00:03:01

Health: -4/20      AC:  2    Str: 12    XL:     2   Next: 90%
Magic:  2/2        EV: 14    Int: 11    God:
Gold:   24         SH:  0    Dex: 13    Spells: 1/1 levels left

rFire    . . .     SeeInvis .   c - +1 shortbow
rCold    . . .     Gourm    .   (shield currently unavailable)
rNeg     . . .     Faith    .   f - +0 robe
rPois    .         Spirit   .   (no helmet)
rElec    .         Reflect  .   (no cloak)
rCorr    .         Harm     .   (no gloves)
MR       .....                  (no boots)
Stlth    ++........             (no amulet)
HPRegen  0.06/turn              (no ring)
MPRegen  0.08/turn              (no ring)

@: no status effects
A: mutation resistance 1
a: no special abilities


You were on level 4 of the Dungeon.
You were not hungry.

You visited 1 branch of the dungeon, and saw 4 of its levels.

You collected 24 gold pieces.

Inventory:

Hand Weapons
 a - a +2 dagger
 c - a +1 shortbow (weapon)
Missiles
 d - 22 arrows (quivered)
Armour
 f - a +0 robe (worn)
Potions
 b - a potion of curing {unknown}
Comestibles
 g - a bread ration
 h - a royal jelly
 i - a fruit


   Skills:
 + Level 2.4 Fighting
   Level 1.0 Long Blades
 + Level 3.7 Bows
 - Level 1.1 Dodging
 - Level 2.1 Stealth
   Level 1.0 Evocations


You had one spell level left.
You didn't know any spells.

Dungeon Overview and Level Annotations

Branches:
Dungeon (4/15)
 Temple: D:4-7

Altars:

Annotations:
D:4 Menkaure


Innate Abilities, Weirdness & Mutations

You are small and have problems with some larger weapons.
You are somewhat resistant to further mutation.


Message History

Unknown command.
Firing (i - inventory):
d - 25 arrows (quivered)
Press: ? - help, Shift-Dir - straight line, f/p - Menkaure
Aim: Menkaure (fast)
You shoot an arrow.
The arrow hits Menkaure but does no damage.
Unknown command.
Firing (i - inventory):
d - 24 arrows (quivered)
Press: ? - help, Shift-Dir - straight line, f/p - Menkaure
Aim: Menkaure (fast)
You shoot an arrow. The arrow hits Menkaure.
Menkaure is moderately damaged.
Unknown command.
Firing (i - inventory):
d - 23 arrows (quivered)
Press: ? - help, Shift-Dir - straight line, f/p - Menkaure
Aim: Menkaure (moderately damaged, fast)
You shoot an arrow. The arrow barely misses Menkaure.
Menkaure misses you. Menkaure hits you!!
Ouch! That really hurt!
You die...

* #.### #.#
#.#.#*#.#
###..#,*#.#
....###,#.########
###..#.*#........#
##..#*########.#
#?.# #.#
####..###### #.#
.......ah..# #@#
***#.###**,* #M#
*** * #.# *,*
#(######********,,
* #.# *,*
#((....#*,,,,,,,,,
# #ยง# *,*
######(#*,******,,
# #(# *,* *#...#,*
**, # #.#
*,*******#.###..*
*, # #.#
*,,,,,,,.M.* *..#
*, ####.#
*******###,***,##
*,


You could see Menkaure.

Vanquished Creatures
  An adder (D:4)
  A leopard gecko (D:1)
  An orc (D:4)
  2 hobgoblins
  A bat (D:3)
  A frilled lizard (D:3)
  A kobold (D:2)
  A rat (D:3)
9 creatures vanquished.

Notes
Turn   | Place    | Note
-------+----------+-------------------------------------------
     0 | D:1      | 4thArraOfDagon the Halfling Wanderer began the quest for the Orb.
     0 | D:1      | 4thArraOfDagon set off with: a +2 dagger, a scroll of blinking, a +0 shortbow, 31 arrows, a potion of lignification, a +0 robe, a bread ration
     0 | D:1      | Reached XP level 1. HP: 14/14 MP: 1/1
    96 | D:4      | Noticed an iguana
   191 | D:2      | You fall through a shaft for 2 floors!
   194 | D:4      | Reached XP level 2. HP: 4/20 MP: 2/2
   365 | D:4      | Noticed Menkaure
   379 | D:4      | Slain by Menkaure

Vault maps used:
D:1:      tarquinn_simple_flora_water_a
D:4:      lemuel_round_altar, chequers_temple_overflow_minitemple,
          uniq_crazy_yiuf_cottage, uniq_edmund, uniq_menkaure

Skill      XL: |  1 |
---------------+----+-----
Fighting       | 2 |  2.4
Long Blades    | |  1.0
Bows           | |  3.7
Dodging        | |  1.1
Stealth        | |  2.1
Evocations     | |  1.0

Action                   || total
-------------------------++-------
Melee: Dagger            ||    21
 Fire: Shortbow          ||    13
  Use: Potion            ||     1
       Scroll            ||     4
 Stab: Sleeping          ||     1
Armor: Robe              ||     2
       Skin              ||     2
Dodge: Dodged            ||    13

Table legend:
 A = Spawn XP
 B = Non-spawn XP
 C = Spawn XP percentage of total XP
 D = Spawn monster count
 E = Non-spawn monster count
 F = Spawn count percentage of total count
 G = Total turns spent on level
                    A         B        C        D         E        F      G
               +---------+---------+-------+---------+---------+-------+---------
         Total |       0 |      27 |   0.0 |       0 |       9 |   0.0 |   379
               +---------+---------+-------+---------+---------+-------+---------
           D:1 |       0 |       3 |   0.0 |       0 |       1 |   0.0 |    49
           D:2 |       0 |       3 |   0.0 |       0 |       2 |   0.0 |    79
           D:3 |       0 |       5 |   0.0 |       0 |       4 |   0.0 |   154
           D:4 |       0 |      16 |   0.0 |       0 |       2 |   0.0 |    97
               +---------+---------+-------+---------+---------+-------+---------
